 Dungeon Crawl Stone Soup version 0.23.1 (webtiles) character file.

Game seed: 9663852040413709219

43086 pjoxt the Grappler (level 13, -1/175 HPs)
             Began as a Troll Monk on Mar 4, 2019.
             Was a High Priest of Hepliaklqana.
             Slain by a skeletal warrior
             ... wielding a +0 short sword
             ... led by a skeletal warrior
              (6 damage)
             ... on level 11 of the Dungeon.
             The game lasted 00:56:19 (15444 turns).

pjoxt the Grappler (Troll Monk)                    Turns: 15444, Time: 00:56:20

Health: -1/175     AC: 26    Str: 25    XL:     13   Next: 88%
Magic:  16/18      EV:  1    Int:  6    God:    Hepliaklqana [*****.]
Gold:   1258       SH:  0    Dex: 13    Spells: 12/12 levels left

rFire    + . .     SeeInvis .   a - +6 lajatang (flame)
rCold    . . .     Gourm    +   (shield currently unavailable)
rNeg     + + +     Faith    .   (armour currently unavailable)
rPois    +         Spirit   .   (helmet currently unavailable)
rElec    .         Reflect  .   (cloak currently unavailable)
rCorr    +         Harm     .   (gloves unavailable)
MR       .....     NoTele   +   (boots unavailable)
Stlth    ++........             r - amulet of regeneration
HPRegen  1.19/turn              j - ring of protection from fire
MPRegen  0.16/turn              D - ring of resist corrosion

@: tree-form
A: large, unfitting armour, reduced essence, fast metabolism 3, gourmand,
regeneration 1
a: Recall Ancestor, Ancestor Identity, Transference, Idealise, Renounce Religion


You were on level 11 of the Dungeon.
You worshipped Hepliaklqana.
Hepliaklqana was extremely pleased with you.
You were very full.
You were a tree.
You visited 4 branches of the dungeon, and saw 19 of its levels.
You also visited: Ice Cave and Volcano.

You collected 1258 gold pieces.

Inventory:

Hand Weapons
 a - a +6 lajatang of flaming (weapon)
 m - a +2 flail of holy wrath
Armour
 k - a +0 cloak (melded)
 B - a +0 shield
 C - the +1 robe of Wisdom (melded) {rElec Str+2 Dex-3}
   (You found it on level 9 of the Dungeon)

   It affects your strength (+2).
   It affects your dexterity (-3).
   It insulates you from electricity.
Jewellery
 j - a ring of protection from fire (left branch)
 o - an uncursed ring of ice
 q - an uncursed ring of protection from fire
 r - an amulet of regeneration (around neck)
 y - an uncursed amulet of the acrobat
 D - a ring of resist corrosion (right branch)
Wands
 w - a wand of digging (5)
 A - a wand of disintegration (24)
 E - a wand of flame (43)
Scrolls
 d - 8 scrolls of remove curse
 e - 4 scrolls of fog
 g - 3 scrolls of teleportation
 i - 2 scrolls of amnesia
 u - 2 scrolls of enchant armour
 G - a scroll of fear
 H - a scroll of magic mapping
 I - 4 scrolls of identify
 J - a scroll of vulnerability {unknown}
 K - a scroll of immolation
Potions
 c - 7 potions of curing
 f - a potion of ambrosia {unknown}
 h - 2 potions of mutation
 l - 3 potions of berserk rage
 n - 5 potions of might
 p - a potion of brilliance {unknown}
 s - a potion of haste {unknown}
 t - a potion of flight {unknown}
 x - a potion of lignification
 z - 2 potions of agility
 F - a potion of heal wounds {unknown}
Miscellaneous
 v - a phantom mirror
Comestibles
 b - 29 rations


   Skills:
 + Level 9.3 Fighting
 - Level 8.3(10.2) Maces & Flails
 * Level 8.5(9.8) Staves
 + Level 4.1 Armour
 - Level 8.2 Dodging
 - Level 1.0 Stealth
 - Level 11.1 Unarmed Combat
 + Level 8.4 Invocations


You had 12 spell levels left.
You didn't know any spells.
Your spell library contained the following spells:

 Spells                   Type           Power        Failure   Level  Hunger
 Corona                   Hex            #......      45%         1    ##.....
 Freeze                   Ice            #...         45%         1    ##.....
 Summon Small Mammal      Summ           #...         45%         1    ##.....
 Call Imp                 Summ           #.......     58%         2    ###....
 Ensorcelled Hibernation  Hex/Ice        #.....       58%         2    ###....
 Throw Frost              Conj/Ice       #.....       58%         2    ###....
 Call Canine Familiar     Summ           #.......     83%         3    ####...
 Confuse                  Hex            #.......     83%         3    ####...
 Dazzling Spray           Conj/Hex       #.....       83%         3    ####...
 Ozocubu's Armour         Chrm/Ice       #.......     83%         3    ####...
 Summon Guardian Golem    Hex/Summ       #.......     83%         3    ####...
 Tukima's Dance           Hex            #.......     83%         3    ####...
 Summon Ice Beast         Ice/Summ       #.......     99%         4    #####..
 Summon Lightning Spire   Summ/Air       #.......     99%         4    #####..
 Throw Icicle             Conj/Ice       #.......     99%         4    #####..


Dungeon Overview and Level Annotations

Branches:
Dungeon (12/15)            Temple (1/1) D:6            Lair (5/6) D:9
  Swamp (0/4) Lair:3        Snake (0/4) Lair:3          Orc (1/2) D:9
  Slime: Lair:5-6

Altars:
Ashenzari
Cheibriados
Dithmenos
Elyvilon
Fedhas
Gozag
Hepliaklqana
Kikubaaqudgha
Makhleb
Nemelex Xobeh
Okawaru
Qazlal
Ru
Sif Muna
Trog
Uskayaw
Vehumet
Wu Jian
Xom
Yredelemnul
Zin
The Shining One

Shops:
D:5 =

Annotations:
D:9 3 runed translucent doors, misha's ghost, novice MfBe


Innate Abilities, Weirdness & Mutations

You are too large for most types of armour.
((You have claws for hands.))
Your metabolism is lightning-fast.
You like to eat raw meat.
Your natural rate of healing is unusually fast.
((You are covered in fur. (AC +1)))
((You have extremely tough skin. (AC +3)))
Your life essence is reduced to manifest your ancestor. (-10% HP)


Message History

* * * LOW HITPOINT WARNING * * *
The skeletal warrior hits Arc with a +0 short sword!
You feel better.
Arc hits the skeletal warrior but does no damage.
The skeletal warrior hits you with a +0 long sword!
* * * LOW HITPOINT WARNING * * *
The skeletal warrior barely misses you.
You feel better.
Arc hits the skeletal warrior with a +0 quarterstaff!!
The skeletal warrior hits you but does no damage.
The skeletal warrior hits you with a +0 long sword!
* * * LOW HITPOINT WARNING * * *
Select a target.
Press: ? - help, Dir - move target cursor, f - skeletal warrior
Aim: a skeletal warrior, wielding a +0 long sword The floor.
The skeletal warrior swaps with Arc!
The skeletal warrior is drained by nostalgia. x2
The skeletal warrior hits you with a +0 short sword.
You die...

#.# ##### #.# ....#
#.# ###.# #.# # #.#
#.# # #.####### #.# #
#.......# #.# #
#######.# #.########
#########.# #.zR♣zz..#
..#.....#.###[z#####.#
#.#.###.#...#..# #.#
...............# #.#
........#...#..# #.#
#.#.....##.##..#####.#
#.#####.##.##........#
#.# #.##.##.###.####
#.#####.......# #.#


You could see the friendly Arc the battlemage and 4 skeletal warriors.

Vanquished Creatures
  2 hydras
  A two-headed ogre (Orc:1)
  Sonja (Lair:2)
  4 slime creatures (D:11)
  A skeletal warrior (D:11)
  A wizard (D:9)
  Pikel (D:8)
  A lindwurm (Volcano)
  An ugly thing (D:11)
  A black mamba (Lair:3)
  3 elephants (Lair:4)
  A centaur zombie (D:11)
  A molten gargoyle (Volcano)
  A spiny frog (Lair:1)
  2 komodo dragons
  2 ice devils (Lair:2)
  A troll (D:10)
  11 polar bears
  3 blink frogs
  Grinder (D:4)
  2 bog bodies (Lair:3)
  7 hippogriffs
  Sigmund (D:3)
  23 yaks
  A wraith (D:7)
  A wyvern (Lair:2)
  4 fire bats
  A naga (Lair:3)
  Edmund (D:6)
  A warg (Orc:1)
  3 water moccasins
  6 porcupines
  2 hell hounds (Volcano)
  2 ice beasts (D:8)
  3 sky beasts
  2 orc warriors (Orc:1)
  7 ogres
  An eye of draining (D:10)
  14 wolves
  A phantom (D:6)
  4 centaurs
  7 crocodiles
  12 bullfrogs
  2 scorpions (D:7)
  6 killer bees
  2 crimson imps
  5 lava snakes (Volcano)
  3 jellies
  3 orc priests
  Crazy Yiuf (D:2)
  A centaur skeleton (D:9)
  3 hounds
  6 orc wizards
  An iguana (D:9)
  Natasha (twice) (D:4)
  5 worker ants
  A killer bee zombie (D:6)
  The ghost of Sandy the Shield-Bearer, a weakling DDFi (D:3)
  A hound zombie (D:6)
  A hound skeleton (D:5)
  2 worker ant zombies
  A howler monkey zombie (D:10)
  3 gnolls (D:5)
  10 adders
  3 shadow imps
  3 oozes
  An adder zombie (D:10)
  3 worms (D:2)
  6 dart slugs
  5 leopard geckos
  36 orcs
  7 bats
  4 giant cockroaches
  7 hobgoblins
  13 jackals
  13 kobolds
  2 quokkas
  2 ball pythons (D:1)
  5 frilled lizards
  8 goblins
  A leopard gecko skeleton (D:4)
  9 rats
334 creatures vanquished.

Vanquished Creatures (collateral kills)
  A fire dragon (Volcano)
  Fannar (D:11)
  An alligator (Lair:5)
  A tengu warrior (D:11)
  3 death yaks (Lair:3)
  An unseen horror (D:11)
  An ugly thing (D:11)
  An elephant (Lair:4)
  A molten gargoyle (Volcano)
  A centaur skeleton (D:11)
  3 spiny frogs
  A rime drake (IceCv)
  4 komodo dragons
  A tengu conjurer (D:11)
  2 trolls
  A polar bear (IceCv)
  4 blink frogs
  4 hippogriffs
  A wyvern (Lair:2)
  A vampire (D:10)
  Eustachio (D:4)
  4 yaks
  5 fire bats
  A basilisk (Lair:4)
  A warg (Orc:1)
  3 nagas (Lair:3)
  2 water moccasins
  2 hell hounds (Volcano)
  2 porcupines
  A slave (D:8)
  An ice beast (D:12)
  A swamp drake (Lair:5)
  7 orc warriors
  2 phantoms
  2 sky beasts
  2 ogres
  3 crocodiles (Lair:2)
  13 wolves
  A centaur (D:7)
  A big kobold (D:9)
  6 bullfrogs
  A scorpion (D:6)
  3 killer bees
  An electric eel (Lair:3)
  3 crimson imps
  A lava snake (Volcano)
  4 orc priests
  A hound (D:10)
  A jelly (D:8)
  3 orc wizards
  Natasha (D:4)
  A worker ant (D:7)
  A hound zombie (D:7)
  2 adders
  A dart slug (D:2)
  2 leopard geckos
  21 orcs
  2 ball pythons
  2 bats (D:1)
  2 hobgoblins
  3 jackals (D:2)
  A kobold (D:9)
  2 quokkas
154 creatures vanquished.

Vanquished Creatures (others)
  A polar bear (IceCv)
  16 battlemagi
  An adder skeleton (D:8)
  3 fungi
  A plant (Lair:5)
22 creatures vanquished.

Grand Total: 510 creatures vanquished

Notes
Turn   | Place    | Note
-------+----------+-------------------------------------------
     0 | D:1      | pjoxt the Troll Monk began the quest for the Orb.
     0 | D:1      | Reached XP level 1. HP: 22/22 MP: 0/0
   125 | D:1      | Reached XP level 2. HP: 29/29 MP: 1/1
   414 | D:1      | Reached XP level 3. HP: 29/36 MP: 2/2
   595 | D:2      | Found an opulent altar of Gozag.
   652 | D:2      | Found a runed translucent door.
   653 | D:2      | Noticed Crazy Yiuf
   661 | D:2      | Killed Crazy Yiuf
   661 | D:2      | Reached skill level 4 in Unarmed Combat
   711 | D:2      | Reached XP level 4. HP: 37/44 MP: 3/3
   956 | D:3      | Reached XP level 5. HP: 50/53 MP: 4/4
  1286 | D:4      | Noticed Natasha
  1292 | D:4      | Killed Natasha
  1299 | D:4      | Noticed an ogre
  1312 | D:4      | Killed an ogre
  1312 | D:4      | Reached skill level 1 in Maces & Flails
  1312 | D:4      | Reached skill level 5 in Unarmed Combat
  1312 | D:4      | Reached XP level 6. HP: 59/61 MP: 5/5
  1344 | D:4      | Noticed Eustachio
  1351 | D:5      | Entered Level 5 of the Dungeon
  1505 | D:5      | Noticed a sky beast
  1520 | D:5      | Killed a sky beast
  1520 | D:5      | Reached XP level 7. HP: 46/68 MP: 6/6
  1573 | D:5      | Found a shadowy altar of Dithmenos.
  1658 | D:5      | Found Anubobaono's Jewellery Emporium.
  1660 | D:5      | Found a shadowy altar of Dithmenos.
  1661 | D:5      | Found an iron altar of Okawaru.
  1783 | D:6      | Reached skill level 6 in Unarmed Combat
  1810 | D:6      | Noticed Edmund
  1819 | D:6      | Killed Edmund
  1902 | D:6      | Found a staircase to the Ecumenical Temple.
  1950 | Temple   | Entered the Ecumenical Temple
  2023 | Temple   | Became a worshipper of Hepliaklqana the Forgotten
  2023 | Temple   | Reached * piety under Hepliaklqana
  2023 | Temple   | Reached ** piety under Hepliaklqana
  2072 | D:6      | Remembered your ancestor Arc as a battlemage
  2111 | D:6      | Reached XP level 8. HP: 68/71 MP: 7/7
  2238 | D:4      | Noticed Natasha
  2244 | D:4      | Killed Natasha
  2415 | D:4      | Noticed Natasha
  2422 | D:4      | Killed Natasha
  2529 | D:4      | Noticed Grinder
  2535 | D:4      | Killed Grinder
  2629 | D:4      | Killed Eustachio
  2629 | D:4      | Reached skill level 5 in Fighting
  2629 | D:4      | Reached skill level 5 in Dodging
  2629 | D:4      | Reached skill level 7 in Unarmed Combat
  2857 | D:3      | Found a runed translucent door.
  2864 | D:3      | Noticed Sandy's ghost (weakling DDFi)
  2867 | D:3      | Reached skill level 1 in Invocations
  2874 | D:3      | Killed Sandy's ghost
  3069 | D:1      | Reached *** piety under Hepliaklqana
  3449 | D:2      | Found a faded altar of an unknown god.
  3851 | D:3      | Noticed Sigmund
  3856 | D:3      | Killed Sigmund
  3856 | D:3      | Reached XP level 9. HP: 75/79 MP: 7/9
  4598 | D:5      | Found a glowing golden altar of the Shining One.
  5055 | D:6      | Reached **** piety under Hepliaklqana
  5170 | D:6      | Reached skill level 5 in Maces & Flails
  5273 | D:6      | Found a sacrificial altar of Ru.
  5304 | D:6      | Found a sacrificial altar of Ru.
  5803 | D:7      | Found a shattered altar of Ashenzari.
  5982 | D:7      | Found a shadowy altar of Dithmenos.
  6072 | D:8      | Noticed Pikel
  6084 | D:8      | Killed Pikel
  6158 | D:8      | Reached XP level 10. HP: 84/88 MP: 11/11
  6391 | D:8      | Reached skill level 8 in Unarmed Combat
  6868 | D:9      | Found a runed translucent gate.
  6868 | D:9      | Found a runed translucent gate.
  6868 | D:9      | Found a runed translucent gate.
  6884 | D:9      | Got a steaming robe
  6951 | D:9      | Identified the +1 robe of Wisdom {rElec Str+2 Dex-3} (You
                  | found it on level 9 of the Dungeon)
  7013 | D:9      | Found a staircase to the Orcish Mines.
  7109 | D:9      | Noticed misha's ghost (novice MfBe)
  7158 | D:9      | Found a bloodstained altar of Trog.
  7294 | D:9      | Noticed a wizard
  7310 | D:9      | Killed a wizard
  7310 | D:9      | Reached skill level 5 in Invocations
  7371 | D:9      | Found a staircase to the Lair.
  7521 | Orc:1    | Entered Level 1 of the Orcish Mines
  7617 | D:10     | Entered Level 10 of the Dungeon
  7640 | D:10     | Reached XP level 11. HP: 82/98 MP: 13/13
  7735 | D:10     | HP: 3/98 [something (14)]
  7843 | Lair:1   | Entered Level 1 of the Lair of Beasts
  7880 | Lair:1   | Reached skill level 9 in Unarmed Combat
  8067 | Lair:1   | Found a dark tunnel.
  8079 | Volcano  | Entered a volcano
  8252 | Volcano  | Found a burning altar of Makhleb.
  8252 | Volcano  | Noticed a lindwurm
  8265 | Volcano  | Killed a lindwurm
  8332 | Volcano  | Noticed a fire dragon
  8376 | Volcano  | Killed a fire dragon
  8859 | Lair:2   | Noticed Sonja
  8873 | Lair:2   | Killed Sonja
  8873 | Lair:2   | Reached XP level 12. HP: 43/107 MP: 13/16
  8930 | Lair:2   | Noticed a four-headed hydra
  9122 | Lair:2   | Found a frozen archway.
  9133 | Lair:2   | Reached skill level 10 in Unarmed Combat
  9172 | IceCv    | Entered an ice cave
  9355 | IceCv    | Reached skill level 1 in Staves
 10016 | IceCv    | Noticed a frost giant
 10459 | Lair:2   | Killed a two-headed hydra
 10459 | Lair:2   | Reached skill level 5 in Staves
 10466 | Lair:2   | Reached skill level 11 in Unarmed Combat
 10988 | Lair:3   | Found a staircase to the Snake Pit.
 11030 | Lair:3   | Noticed a death yak
 11031 | Lair:3   | Noticed a death yak
 11065 | Lair:3   | Noticed a death yak
 11067 | Lair:3   | Killed a death yak
 11250 | Lair:3   | Found a staircase to the Swamp.
 11392 | Lair:3   | Reached skill level 1 in Armour
 11696 | Lair:4   | Reached XP level 13. HP: 84/115 MP: 17/17
 12026 | Lair:4   | Reached ***** piety under Hepliaklqana
 12819 | Lair:5   | Found a burning altar of Makhleb.
 14674 | D:11     | Noticed Fannar
 14680 | D:11     | Killed Fannar
 15438 | D:11     | HP: 4/117 [skeletal warrior/+0 long sword[a skeletal
                  | warrior] (11)]
 15441 | D:11     | HP: 1/175 [skeletal warrior/+0 long sword[a skeletal
                  | warrior] (8)]
 15444 | D:11     | Slain by a skeletal warrior

Skill      XL: |  1  2  3  4  5  6  7  8  9 10 11 12 13 |
---------------+----------------------------------------+-----
Unarmed Combat | 4 5 6 7 8 9 11 | 11.1
Fighting       | 3 4 5 6 7 8 9 |  9.3
Dodging        | 3 4 5 6 7 8 |  8.2
Maces & Flails | 1 3 4 6 7 8 |  8.3
Invocations    | 1 3 5 6 7 8 |  8.4
Staves         | 6 8 |  8.5
Armour         | 1 4 |  4.1
Stealth        | |  1.0

Action                   |  1- 3 |  4- 6 |  7- 9 | 10-12 | 13-15 || total
-------------------------+-------+-------+-------+-------+-------++-------
Melee: Unarmed           |    74 |   125 |   244 |   293 |       ||   736
       Punch             |     1 |     4 |     9 |    12 |       ||    26
       Dire flail        |       |       |     7 |     8 |       ||    15
       Lajatang          |       |       |       |   184 |   247 ||   431
Invok: Ancestor Life: Ba |       |       |     1 |       |       ||     1
       Ancestor Identity |       |       |     1 |       |       ||     1
       Transference      |       |       |     1 |     3 |     1 ||     5
       Idealise          |       |       |       |     5 |     1 ||     6
       Recall Ancestor   |       |       |       |     5 |     2 ||     7
Evoke: Wand              |       |       |       |     4 |       ||     4
  Use: Scroll            |       |       |     8 |    16 |     3 ||    27
       Potion            |       |       |       |     3 |     4 ||     7
 Stab: Sleeping          |     2 |     2 |     2 |     2 |     1 ||     9
       Distracted        |       |     1 |     1 |     6 |     3 ||    11
  Eat: Chunk             |    12 |     7 |    43 |    51 |    34 ||   147
Armor: Robe              |    44 |    40 |    72 |   141 |    70 ||   367
       Skin              |       |       |       |       |     3 ||     3
Dodge: Dodged            |    40 |    53 |   111 |   439 |   174 ||   817
